 Dungeon Crawl Stone Soup version 0.26-a0-835-g8259106e14 (webtiles) character file.

Game seed: 14662627388083995296

56439 1994 the Lord of Darkness (level 14, -18/114 HPs)
             Began as a Mummy Necromancer on Nov 17, 2020.
             Was the Champion of Kikubaaqudgha.
             Killed from afar by a crystal guardian (35 damage)
             ... with a crystal bolt
             ... on level 12 of the Dungeon.
             The game lasted 01:28:51 (23575 turns).

1994 the Lord of Darkness (Mummy Necromancer)      Turns: 23575, Time: 01:28:52

Health: -18/114    AC: 23    Str: 11    XL:     14   Next: 42%
Magic:  13/32      EV: 11    Int: 27    God:    Kikubaaqudgha [******]
Gold:   1527       SH:  0    Dex: 13    Spells: 5/41 levels left

rFire    . . .     SeeInvis .   a - staff of death
rCold    + . .     Faith    .   (no shield)
rNeg     + + +     Spirit   .   p - +2 ring mail {rF+}
rPois    ∞         Reflect  .   d - +1 helmet
rElec    .         Harm     .   A - +1 cloak
rCorr    .         Rampage  .   l - +2 pair of gloves
MR       ++...                  S - +2 pair of boots of the Pit {Int+8}
Stlth    +.........             q - amulet of regeneration
HPRegen  0.69/turn              v - +4 ring of protection (curse)
MPRegen  0.23/turn              I - ring of protection from magic

@: no status effects
A: no potions, fire vulnerability, cold resistance 1, negative energy resistance
3, torment resistance, unbreathing, in touch with death 1
a: Receive Corpses, Torment, Renounce Religion


You were on level 12 of the Dungeon.
You worshipped Kikubaaqudgha.
Kikubaaqudgha was exalted by your worship.
You visited 3 branches of the dungeon, and saw 19 of its levels.
You also visited: Ossuary.

You collected 2764 gold pieces.
You spent 1237 gold pieces at shops.

Inventory:

Hand Weapons
 b - a +1 whip of electrocution
 D - the +12 mace of Instinct {venom, rElec}
   (You found it on level 4 of the Dungeon)

   It poisons the flesh of those it strikes.
   It insulates you from electricity.
 E - the +7 mace of Variability {chain chaos}
   (You found it on level 10 of the Dungeon)

   Each time it hits an enemy it has a different, random effect.
Missiles
 c - 10 javelins (quivered)
 e - 9 curare-tipped darts
 k - 35 poisoned darts
 C - 6 boomerangs
 N - a throwing net
Armour
 d - a +1 helmet (worn)
 g - a +2 robe of resistance
 l - a +2 pair of gloves (worn)
 p - a +2 ring mail of fire resistance (worn)
 A - a +1 cloak (worn)
 L - a scarf of shadows
 S - the +2 pair of boots of the Pit (worn) {Int+8}
   (You bought it in a shop on level 5 of the Dungeon)

   It affects your intelligence (+8).
Magical Staves
 a - an uncursed staff of death (weapon)
 K - an uncursed staff of fire
Jewellery
 q - an amulet of regeneration (around neck)
 v - a cursed +4 ring of protection (left hand)
 z - an uncursed ring of fire
 B - an uncursed ring of stealth
 G - a +6 ring of strength
 I - a ring of protection from magic (right hand)
 P - an uncursed ring of resist corrosion
 R - an uncursed ring of see invisible
 T - an uncursed ring of fire
Wands
 m - a wand of digging (12)
 n - a wand of polymorph (7)
 s - a wand of iceblast (12)
 O - a wand of acid (10)
Scrolls
 f - 3 scrolls of fear
 h - 15 scrolls of identify
 i - 3 scrolls of amnesia
 j - 3 scrolls of blinking
 o - 3 scrolls of magic mapping
 r - 10 scrolls of teleportation
 t - a scroll of torment {unknown}
 u - 10 scrolls of remove curse
 w - 2 scrolls of immolation
 x - 3 scrolls of fog
 y - 2 scrolls of summoning
 H - a scroll of vulnerability {unknown}
 J - a scroll of acquirement
Miscellaneous
 F - a condenser vane
 M - a tin of tremorstones (2/2)
 Q - a lightning rod (4/4)


   Skills:
 - Level 11.8 Fighting
 - Level 5.0 Armour
 + Level 2.0 Dodging
 - Level 1.5 Stealth
 - Level 14.1 Spellcasting
 + Level 14.8 Necromancy
 - Level 4.0 Translocations
 - Level 7.0 Earth Magic
 - Level 4.0 Evocations


You had 5 spell levels left.
You knew the following spells:

 Your Spells              Type           Power        Failure   Level
a - Pain                  Necr           ####         0%          1
b - Animate Skeleton      Necr           ######       0%          1
c - Vampiric Draining     Necr           ########..   1%          3
d - Animate Dead          Necr           ########..   1%          4
e - Blink                 Tloc           N/A          1%          2
f - Corpse Rot            Necr/Air       N/A          1%          2
g - Dispel Undead         Necr           ########     1%          4
h - Borgnjor's Vile Clut  Necr/Erth      ########..   1%          5
i - Death Channel         Necr           ########..   2%          6
j - Infestation           Necr           ########..   67%         8

Your spell library contained the following spells:

 Spells                   Type           Power        Failure   Level
 Agony                    Necr           ########     1%          5
 Freeze                   Ice            ###.         6%          1
 Magic Dart               Conj           ###.         6%          1
 Call Imp                 Summ           ###.....     10%         2
 Slow                     Hex            ###.....     10%         2
 Leda's Liquefaction      Hex/Erth       #####.....   14%         4
 Petrify                  Tmut/Erth      #####...     14%         4
 Conjure Flame            Conj/Fire      ###.....     19%         3
 Frozen Ramparts          Ice            ###...       19%         3
 Ignite Poison            Fire/Tmut/Pois ###.....     19%         3
 Mephitic Cloud           Conj/Pois/Air  ###.....     19%         3
 Ozocubu's Armour         Ice            ###.....     19%         3
 Hailstorm                Conj/Ice       ###.....     52%         4
 Summon Ice Beast         Ice/Summ       ###.....     52%         4
 Bolt of Magma            Conj/Fire/Erth ####......   54%         5
 Summon Forest            Summ/Tloc      ####......   58%         5
 Alistair's Intoxication  Tmut/Pois      ###......    86%         5
 Irradiate                Conj/Tmut      ###.......   86%         5
 Iskenderun's Battlesphe  Conj           ###.....     86%         5
 Summon Demon             Summ           ###.......   86%         5
 Summon Mana Viper        Hex/Summ       ###.....     86%         5
 Iron Shot                Conj/Erth      #####.....   92%         6
 Haunt                    Necr/Summ      #######...   94%         7
 Eringya's Noxious Bog    Tmut/Pois      ###.......   100%        6
 Shadow Creatures         Summ           N/A          100%        6
 Orb of Destruction       Conj           ###.......   100%        7
 Spellforged Servitor     Conj/Summ      ###.......   100%        7
 Summon Hydra             Summ           ###.......   100%        7
 Shatter                  Erth           ######....   100%        9
 Sublimation of Blood     Necr           Unusable     N/A         2
 Ice Form                 Ice/Tmut       Unusable     N/A         4
 Borgnjor's Revivificati  Necr           Unusable     N/A         8
 Statue Form              Tmut/Erth      Unusable     N/A         6
 Necromutation            Tmut/Necr      Unusable     N/A         8
 Death's Door             Necr           Unusable     N/A         9

Dungeon Overview and Level Annotations

Branches:
Dungeon (12/15)            Temple (1/1) D:4            Lair (6/6) D:9
  Swamp (0/4) Lair:3        Snake (0/4) Lair:4        Slime (0/5) Lair:5
Ossuary (visited)
    Orc: D:9-12

Altars:
Ashenzari
Cheibriados
Dithmenos
Elyvilon
Fedhas
Gozag
Hepliaklqana
Kikubaaqudgha
Makhleb
Nemelex Xobeh
Okawaru
Qazlal
Ru
Sif Muna
Trog
Uskayaw
Vehumet
Wu Jian
Xom
Yredelemnul
Zin
The Shining One

Shops:
D:5 *(   D:6 (   D:9 (

Annotations:
D:1 exclusion: downstairs
D:2 exclusion: 2 upstairs
D:12 exclusion: orange crystal statue


Innate Abilities, Weirdness & Mutations

You do not drink.
Your flesh is vulnerable to fire.
You are immune to poison.
Your flesh is cold resistant. (rC+)
You are immune to negative energy. (rN+++)
You are immune to unholy pain and torment.
You can survive without breathing.
You are in touch with the powers of death.


Message History

Your adder zombie is engulfed in a cloud of scalding steam.
Your adder zombie bites the crystal guardian but does no damage.
The crystal guardian struggles to escape constriction.
Something hits your centaur warrior zombie!!
Your ogre mage zombie is engulfed in a cloud of scalding steam.
Your centaur warrior zombie is engulfed in a cloud of scalding steam.
Your centaur warrior zombie hits the crystal guardian but does no damage.
Unknown command.
The zombie hands constrict the crystal guardian!
Your centaur warrior zombie is engulfed in a cloud of scalding steam.
Your centaur warrior zombie hits the crystal guardian.
Your adder zombie is engulfed in a cloud of scalding steam.
Your adder zombie bites the crystal guardian but does no damage.
Something hits your centaur warrior zombie!!
Your centaur warrior zombie is destroyed!
The crystal guardian fires a crystalline bolt at you.
The crystal bolt burns your ogre mage zombie!!
The crystal bolt burns you!!
You die...
Kikubaaqudgha rasps: "You have failed me!
Welcome... oblivion!"

#≈#..|.8/.$.#≈#..#
################≈#!.|..$...#≈#..#
................≈#[$?...$..#≈...#
################≈#..$[:(...#≈#..#
#≈# }..$..$ #≈#..# ##≈# ##l##
#≈...# #.≈#####§#####≈...#
##########.≈≈≈§Z88≈≈≈≈≈≈...#
.......)...@...Z§..........#
.......)#################..#
######.)# #..# #))# #..# #).# ..#
###########(.##### ..#
................... ..#
..............#####
..............#


You could see a crystal guardian (clutched), a friendly adder zombie and a
friendly ogre mage zombie.

Vanquished Creatures
  A fire dragon (D:9)
  Josephine (Lair:6)
  An anaconda (Lair:6)
  5 hydras
  3 catoblepae (Lair:6)
  A two-headed ogre (D:11)
  4 death yaks (Lair:6)
  Nergalle (Lair:4)
  Sonja (Lair:2)
  4 skeletal warriors (D:12)
  An unseen horror (D:11)
  4 lindwurms (Lair:2)
  4 oklob plants (Lair:1)
  8 elephants (Lair:6)
  7 black mambas
  An eye of devastation (Lair:5)
  A gargoyle (D:11)
  11 cane toads
  A rime drake (Lair:3)
  12 komodo dragons
  A polar bear (Lair:5)
  A troll (D:9)
  Grinder (D:4)
  15 blink frogs
  7 dream sheep
  Sigmund (D:3)
  6 wraiths
  4 wyverns
  38 yaks
  A basilisk (Lair:1)
  3 chaos spawn (D:10)
  2 nagas (Lair:4)
  A soldier ant (D:11)
  10 water moccasins
  7 orc warriors
  2 ice beasts
  6 ogres
  2 phantoms
  5 sky beasts
  A necrophage (D:8)
  2 black bears
  7 centaurs
  24 wolves
  A big kobold (D:8)
  16 bullfrogs
  2 scorpions
  A water moccasin skeleton (D:6)
  12 killer bees
  7 wights (D:11)
  4 electric eels
  A howler monkey (D:4)
  3 centaur zombies (Ossuary)
  A bullfrog zombie (D:12)
  6 jellies
  A centaur skeleton (D:12)
  2 hounds (D:4)
  4 bullfrog skeletons
  6 orc priests
  7 orc wizards
  6 iguanas
  10 worker ants
  4 hell rats (Lair:3)
  4 mummies (Ossuary)
  A worker ant zombie (D:10)
  Robin (D:2)
  12 adders
  2 shadow imps (D:5)
  A white imp (D:8)
  2 ufetubi
  2 oozes
  2 adder skeletons
  4 worms
  2 dart slugs
  6 leopard geckos
  48 orcs
  4 giant cockroaches
  A gnoll zombie (Ossuary)
  21 goblins
  14 hobgoblins
  11 jackals
  14 kobolds
  4 quokkas
  4 ball pythons
  7 bats
  3 frilled lizards
  2 giant cockroach zombies (D:5)
  2 goblin zombies
  A hobgoblin zombie (Ossuary)
  2 kobold zombies (Ossuary)
  2 quokka skeletons (D:4)
  A quokka zombie (D:6)
  5 rats
  A rat zombie (D:5)
499 creatures vanquished.

Vanquished Creatures (collateral kills)
  Gastronok (Lair:3)
  3 death yaks (Lair:6)
  2 manticores (Lair:6)
  A cane toad (Lair:4)
  10 blink frogs
  4 yaks (Lair:6)
  Menkaure (D:7)
  An eye of draining (Lair:5)
  A centaur (D:12)
  A bullfrog (Lair:4)
  A butterfly (Lair:4)
26 creatures vanquished.

Vanquished Creatures (others)
  2 blink frogs (Lair:5)
  29 fungi
  58 plants
89 creatures vanquished.

Grand Total: 614 creatures vanquished

Notes
Turn   | Place    | Note
-------+----------+-------------------------------------------
     0 | D:1      | 1994 the Mummy Necromancer began the quest for the Orb.
     0 | D:1      | Reached XP level 1. HP: 13/13 MP: 4/4
    19 | D:1      | Learned a level 1 spell: Animate Skeleton
   296 | D:1      | Reached XP level 2. HP: 18/19 MP: 4/6
   618 | D:1      | You fall into a shaft and drop 1 floor!
   763 | D:1      | Reached XP level 3. HP: 24/24 MP: 3/7
  1281 | D:1      | Reached skill level 5 in Necromancy
  1286 | D:1      | Learned a level 3 spell: Vampiric Draining
  1984 | D:2      | Reached XP level 4. HP: 30/30 MP: 4/8
  2070 | D:2      | Learned a level 4 spell: Animate Dead
  2413 | D:2      | Noticed Robin
  2427 | D:2      | Killed Robin
  2463 | D:2      | Reached skill level 1 in Fighting
  2957 | D:2      | Reached XP level 5. HP: 37/37 MP: 7/10
  3936 | D:3      | Noticed Sigmund
  4043 | D:3      | Killed Sigmund
  4044 | D:3      | Reached XP level 6. HP: 38/44 MP: 7/12
  4252 | D:4      | Found a staircase to the Ecumenical Temple.
  4267 | Temple   | Entered the Ecumenical Temple
  4423 | Temple   | Became a worshipper of Kikubaaqudgha
  4707 | D:5      | Entered Level 5 of the Dungeon
  4707 | D:5      | Found Suekosaq's General Store.
  4713 | D:5      | Bought a scroll of blinking for 82 gold pieces
  4825 | D:5      | Found a sand-covered staircase.
  4843 | Ossuary  | Entered an ossuary
  5052 | Ossuary  | Reached XP level 7. HP: 51/51 MP: 14/14
  5152 | Ossuary  | Reached * piety under Kikubaaqudgha
  5152 | Ossuary  | Identified Kikubaaqudgha's Guide on Evil Magic
                  | (Kikubaaqudgha gifted it to you in an ossuary)
  5152 | Ossuary  | Received a gift from Kikubaaqudgha
  5157 | Ossuary  | Learned a level 2 spell: Blink
  5188 | Ossuary  | Reached skill level 5 in Spellcasting
  5383 | D:5      | Found Cadifor's Antique Weapon Shoppe.
  5435 | D:5      | Reached skill level 1 in Translocations
  5924 | D:5      | Reached XP level 8. HP: 60/60 MP: 8/16
  6021 | D:5      | Found a shadowy altar of Dithmenos.
  6488 | D:6      | Found a glowing silver altar of Zin.
  6662 | D:6      | Reached ** piety under Kikubaaqudgha
  6901 | D:6      | Found Dumougas's Weapon Emporium.
  6992 | D:6      | Reached skill level 5 in Fighting
  7281 | D:6      | Reached XP level 9. HP: 68/68 MP: 15/20
  7480 | D:6      | Learned a level 2 spell: Corpse Rot
  7845 | D:7      | Noticed Menkaure
  7860 | D:7      | Killed Menkaure
  7887 | D:7      | Reached *** piety under Kikubaaqudgha
  7887 | D:7      | Identified Kikubaaqudgha's Tome of Unholy Magic
                  | (Kikubaaqudgha gifted it to you on level 7 of the Dungeon)
  7887 | D:7      | Received a gift from Kikubaaqudgha
  7894 | D:7      | Learned a level 4 spell: Dispel Undead
  7900 | D:7      | Learned a level 5 spell: Borgnjor's Vile Clutch
  8080 | D:8      | Found an ornate altar of the Wu Jian Council.
  8081 | D:8      | Found a hazy altar of Hepliaklqana.
  8081 | D:8      | Found a snail-covered altar of Cheibriados.
  8093 | D:8      | Found a glowing golden altar of the Shining One.
  8218 | D:8      | Reached skill level 1 in Earth Magic
  9054 | D:9      | Found a staircase to the Lair.
  9055 | D:9      | Noticed a fire dragon
  9295 | D:9      | Noticed a troll
  9309 | D:9      | Killed a troll
  9768 | D:9      | Found Puhethrekk's Antique Weapon Emporium.
  9818 | D:9      | Reached XP level 10. HP: 41/77 MP: 16/22
 10046 | D:10     | Entered Level 10 of the Dungeon
 10218 | D:10     | Found a shimmering altar of Xom.
 10237 | D:10     | Found the +7 mace of Variability {chain chaos}
 10422 | D:10     | Reached skill level 1 in Armour
 10563 | D:10     | Reached **** piety under Kikubaaqudgha
 11737 | D:11     | Killed an unseen horror
 11738 | D:11     | Reached skill level 10 in Necromancy
 11738 | D:11     | Reached skill level 5 in Earth Magic
 11806 | D:11     | Reached ***** piety under Kikubaaqudgha
 11897 | D:11     | Noticed a gargoyle
 11906 | D:11     | Killed a gargoyle
 12012 | D:11     | Noticed a two-headed ogre
 12022 | D:11     | Killed a two-headed ogre
 12023 | D:11     | Reached XP level 11. HP: 86/86 MP: 14/24
 12072 | D:11     | Noticed a seven-headed hydra
 12089 | D:11     | Killed a seven-headed hydra
 12090 | D:11     | Reached skill level 10 in Spellcasting
 12542 | D:9      | Found a staircase to the Lair.
 12726 | D:9      | Killed a fire dragon
 12884 | Lair:1   | Entered Level 1 of the Lair of Beasts
 13191 | Lair:1   | Learned a level 6 spell: Death Channel
 13410 | Lair:1   | Noticed an oklob plant
 13411 | Lair:1   | Noticed an oklob plant
 13411 | Lair:1   | Noticed an oklob plant
 13414 | Lair:1   | Noticed an oklob plant
 13419 | Lair:1   | Killed an oklob plant
 13500 | Lair:1   | Killed an oklob plant
 13505 | Lair:1   | Killed an oklob plant
 13562 | Lair:1   | Killed an oklob plant
 13993 | Lair:2   | Noticed a seven-headed hydra
 14034 | Lair:1   | Killed a seven-headed hydra
 14179 | Lair:2   | Noticed a lindwurm
 14179 | Lair:2   | Noticed a lindwurm
 14186 | Lair:2   | Noticed a lindwurm
 14188 | Lair:2   | Noticed a lindwurm
 14190 | Lair:2   | Killed a lindwurm
 14195 | Lair:2   | Killed a lindwurm
 14196 | Lair:2   | Reached XP level 12. HP: 64/95 MP: 18/27
 14651 | Lair:2   | Noticed Sonja
 14894 | Lair:3   | Noticed a five-headed hydra
 14942 | Lair:3   | Killed a five-headed hydra
 15093 | Lair:2   | Killed Sonja
 15104 | Lair:3   | Reached skill level 5 in Armour
 15288 | Lair:3   | Found a staircase to the Swamp.
 15930 | Lair:3   | Reached skill level 10 in Fighting
 16864 | Lair:2   | Identified Sif Muna's Compendium of Glacial Black Rituals
 17081 | Lair:3   | Noticed Gastronok
 17131 | Lair:3   | Killed Gastronok
 17132 | Lair:3   | Reached skill level 1 in Evocations
 17207 | Lair:3   | Gained mutation: You are in touch with the powers of death.
                  | [Mummy growth]
 17207 | Lair:3   | Reached XP level 13. HP: 93/103 MP: 18/29
 18659 | Lair:4   | Noticed Nergalle
 18666 | Lair:4   | Killed Nergalle
 18685 | Lair:4   | Found a staircase to the Snake Pit.
 19503 | Lair:5   | Found a staircase to the Slime Pits.
 20182 | Lair:6   | Entered Level 6 of the Lair of Beasts
 20559 | Lair:6   | Noticed Josephine
 20571 | Lair:6   | Killed Josephine
 20977 | Lair:6   | Reached XP level 14. HP: 72/113 MP: 15/31
 21111 | Lair:6   | Identified a scroll of acquirement
 21138 | Lair:6   | Acquired 1156 gold pieces
 21357 | D:5      | Bought a scroll of acquirement for 572 gold pieces
 21359 | D:5      | Bought the +2 pair of boots of the Pit {Int+8} for 421 gold
                  | pieces
 21401 | D:5      | Bought a glowing spear for 162 gold pieces
 21465 | D:4      | Found a burning altar of Makhleb.
 21610 | D:4      | Noticed Grinder
 21613 | D:4      | Killed Grinder
 21863 | D:4      | Got an ichor-stained mace
 21864 | D:4      | Identified the +12 mace of Instinct {venom, rElec} (You
                  | found it on level 4 of the Dungeon)
 23401 | D:12     | Reached ****** piety under Kikubaaqudgha
 23405 | D:12     | Received a gift from Kikubaaqudgha
 23417 | D:12     | Learned a level 8 spell: Infestation
 23550 | D:12     | Found a runed translucent door.
 23575 | D:12     | Killed from afar by a crystal guardian

Illustrated notes

Levels and vault maps discovered:
D:1:      elethiomel_arrival_shortcut, layout_loops_corners
D:2:      layout_loops_cross, minmay_crystal_room, uniq_robin
D:3:      layout_rooms, uniq_sigmund
D:4:      layout_loops_ring, makhleb_heckhound_becter,
          minmay_temple_entry_offerings, uniq_grinder
D:5:      layout_loops_cross, enter_ossuary_4, serial_shops,
          nicolae_shop_waterfront, shop, nicolae_dithmenos_shadow_blocks
D:6:      layout_loops_ring, kennysheep_mini_moat, serial_shops, shop
D:7:      layout_rooms, uniq_menkaure
D:8:      layout_loops_ring, grunt_temple_overflow_open
D:9:      layout_roguey, minmay_lair_entry_lava, serial_shops, shop
D:10:     layout_roguey, minmay_guarded_unrand_variability
D:11:     layout_roguey
D:12:     layout_long_grid, orc_david_3, serial_shops,
          nicolae_shop_competitors_out_of_business, minmay_misc_feat_tiny,
          minmay_crystal_box
Temple:   eino_temple_rhombus
Lair:1:   layout_concentric_octagons, cheibrodos_lair_reptile_den,
          minmay_lair_oklob_chamber
Lair:2:   layout_loops_ring, minmay_lindwurm_lava, uniq_sonja
Lair:3:   layout_layer_cave, minmay_swamp_entry_eels, grunt_megastairs_2,
          uniq_gastronok
Lair:4:   layout_cave_pods, guppyfry_snake_entry_garden,
          infiniplex_staircase_pool_2, serial_bayou_shore_a,
          lemuel_fruit_fields, uniq_nergalle
Lair:5:   layout_loops_ring, minmay_slime_entry_eyes
Lair:6:   evilmike_catoblepas_cave, layout_small_grid, serial_bayou_ford_a,
          serial_bayou_pond_a, uniq_josephine

Skill      XL: |  1  2  3  4  5  6  7  8  9 10 11 12 13 14 |
---------------+-------------------------------------------+-----
Spellcasting   | 3 4 5 7 8 9 11 12 13 14 | 14.1
Necromancy     | 5 6 7 8 9 10 11 12 14 | 14.8
Fighting       | 1 2 3 5 6 7 9 10 11 | 11.8
Translocations | 2 3 4 |  4.0
Earth Magic    | 3 5 7 |  7.0
Armour         | 2 5 |  5.0
Evocations     | 1 4 |  4.0
Dodging        | 2 |  2.0
Stealth        | |  1.5

Action                   |  1- 3 |  4- 6 |  7- 9 | 10-12 | 13-15 || total
-------------------------+-------+-------+-------+-------+-------++-------
Melee: Short sword       |     2 |       |       |       |       ||     2
       Dagger            |    40 |       |       |       |       ||    40
       Whip              |       |    26 |    77 |   322 |       ||   425
       Hand axe          |       |    41 |   191 |       |       ||   232
       Hunting sling     |       |       |     1 |       |       ||     1
       Staff             |       |       |       |    25 |   302 ||   327
       Mace              |       |       |       |       |     1 ||     1
 Fire: Hunting sling     |       |    12 |    34 |       |       ||    46
Throw: Javelin           |       |     2 |     1 |     7 |       ||    10
 Cast: Pain              |    72 |   129 |   138 |   102 |    60 ||   501
       Vampiric Draining |       |     2 |    30 |    20 |    32 ||    84
       Corpse Rot        |       |       |     4 |     5 |     9 ||    18
       Borgnjor's Vile C |       |       |     1 |    77 |    60 ||   138
       Animate Dead      |       |       |     1 |     4 |     9 ||    14
       Dispel Undead     |       |       |       |    10 |     9 ||    19
       Blink             |       |       |       |    12 |       ||    12
       Death Channel     |       |       |       |       |     5 ||     5
Invok: Receive Corpses   |       |       |       |     6 |     8 ||    14
       Receive Necronomi |       |       |       |       |     1 ||     1
  Use: Scroll            |     2 |     2 |     8 |     1 |     2 ||    15
 Stab: Sleeping          |       |     1 |     2 |     1 |     1 ||     5
Armor: Robe              |     7 |    13 |   128 |       |       ||   148
       Leather armour    |    15 |    13 |       |       |       ||    28
       Ring mail         |       |       |       |   273 |   308 ||   581
Dodge: Dodged            |    57 |    59 |   282 |   269 |   289 ||   956

Table legend: (Time is in decaauts)
 A = Elapsed time spent in this place.
 B = Non-inter-level travel time spent in this place.
 C = Inter-level travel time spent in this place.
 D = Time resting spent in this place.
 E = Time spent auto-exploring this place.
 F = Levels seen in this place.
 G = Mean time per level.
                   A        B        C        D        E       F      G
               +--------+--------+--------+--------+--------+-----+--------+
         Total |  23798 |  22507 |   1291 |   7470 |   8482 |  20 | 1189.9 |
       Dungeon |  13634 |  12922 |    712 |   4161 |   4836 |  12 | 1136.2 |
        Temple |    172 |    157 |     15 |      0 |    152 |   1 |  172.0 |
          Lair |   9494 |   8930 |    564 |   3132 |   3493 |   6 | 1582.3 |
       Ossuary |    497 |    497 |      0 |    177 |      0 |   1 |  497.0 |
               +--------+--------+--------+--------+--------+-----+--------+

Top non-repeatable levels by time:
  Lair:3: 2706 daAuts
     D:1: 1724 daAuts
     D:9: 1720 daAuts
     D:2: 1689 daAuts
  Lair:6: 1641 daAuts
  Lair:2: 1405 daAuts
     D:5: 1376 daAuts
  Lair:1: 1338 daAuts
  Lair:5: 1328 daAuts
    D:10: 1267 daAuts
    D:11: 1076 daAuts
  Lair:4: 1073 daAuts
     D:6: 1050 daAuts
     D:8: 987 daAuts
     D:4: 910 daAuts
